[Event "DVM U20 2019"]
[Site "Braunschweig"]
[Date "2019.12.28"]
[Round "3"]
[White "Wiesner, Alexander"]
[Black "Grimm, Ling Leander"]
[Result "1-0"]
[ECO "B36"]
[WhiteElo "1960"]
[BlackElo "1777"]
[Annotator "NA RC"]
[PlyCount "81"]
[EventDate "2019.12.27"]
[EventType "team-tourn"]
[EventRounds "7"]
[EventCountry "GER"]
[SourceTitle "playchess.com"]
[Source "ChessBase"]
[SourceQuality "1"]
[WhiteTeam "Karlsruher SF"]
[BlackTeam "SK Bebenhausen"]
[TimeControl "40/5400+30:1800+30"]

1. e4 c5 2. Nf3 Nc6 3. d4 cxd4 4. Nxd4 g6 5. c4 Nf6 6. Nc3 Nxd4 7. Qxd4 d6 8. Be3 Bg7 9. f3 O-O 10. Qd2 {[%emt 0:00:05] unterminated} a5 {[%emt 0:04:05] unterminated} 11. Na4 {[%emt 0:01:41] unterminated} Nd7 {[%emt 0:09:37] unterminated} 12. O-O-O $14 b6 13. Bh6 Nc5 14. Nc3 Be6 15. h4 Nd7 16. h5 Nf6 17. hxg6 fxg6 18. Bxg7 Kxg7 19. Qh6+ Kf7 20. e5 Ng8 21. Qxh7+ Ke8 22. c5 Qc8 23. Qxg6+ Kd7 24. Bb5+ Kc7 25. exd6+ Kb8 26. d7 Bxd7 27. Qxb6+ Qb7 28. Rxd7 Qxb6 29. cxb6 Nf6 30. Rxe7 a4 31. Rd1 Rc8 32. Rf7 Ra5 33. Bd7 Nxd7 34. Rdxd7 a3 35. Rb7+ Ka8 36. Ra7+ Rxa7 37. Rxa7+ Kb8 38. Rxa3 Kb7 39. Rb3 Rc6 40. Kd2 {[%emt 0:00:13] normal} Rxb6 41. Rxb6+ {[%emt 0:30:12] normal} 1-0

[Event "DVM U20 2019"]
[Site "Braunschweig"]
[Date "2019.12.28"]
[Round "3"]
[White "Meyling, Lennart"]
[Black "Garbuz, Vitaliy"]
[Result "1-0"]
[ECO "D36"]
[WhiteElo "1955"]
[BlackElo "2064"]
[Annotator "NA RC"]
[PlyCount "53"]
[EventDate "2019.12.27"]
[EventType "team-tourn"]
[EventRounds "7"]
[EventCountry "GER"]
[SourceTitle "playchess.com"]
[Source "ChessBase"]
[SourceQuality "1"]
[WhiteTeam "Hamburger SK"]
[BlackTeam "SF Brackel"]
[TimeControl "40/5400+30:1800+30"]

1. d4 d5 2. c4 c6 3. Nc3 e6 4. cxd5 exd5 5. Qc2 Nf6 6. Bg5 Be7 7. e3 Bg4 8. Bd3 Bh5 {[%emt 0:04:41] D35: Queen's Gambit Declined: Exchange Variation} 9. Nf3 (9. Nge2 Bg6 10. Ng3 Na6 11. a3 Nc7 12. Nf5 Ne6 13. h4 Bxf5 14. Bxf5 Qd6 15. O-O-O g6 16. Bd3 O-O-O 17. Kb1 Kb8 18. Bxf6 Bxf6 {1-0 (36) Vishnu,P (2504)-Nabaty,T (2692) Douglas 2018}) 9... Nbd7 10. Nh4 Bg6 11. Nf5 Bxf5 12. Bxf5 Nh5 13. Bxe7 Qxe7 14. O-O g6 {[%emt 0:01:40] unterminated} 15. Bd3 f5 {[%emt 0:01:35] [#]} 16. g3 $146 ({Predecessor:} 16. b4 a6 17. a4 O-O {1-0 (38) Kruppa,Y (2525)-Katsman,M (2262) Kiev 2005}) 16... O-O 17. b4 a6 18. a4 {[%emt 0:00:33] unterminated} b5 19. axb5 axb5 {[%emt 0:00:24] unterminated} 20. Ne2 Qd6 21. Rfc1 Rxa1 22. Rxa1 Nb6 23. Qc5 Qxc5 24. dxc5 {[%emt 0:00:18] normal} Na4 25. Nd4 {[%emt 0:01:19] normal} Nb2 {[%emt 0:09:18] normal} 26. Be2 Rf6 {[%emt 0:00:05] normal} 27. Ra6 $18 {[%emt 0:00:52] normal} 1-0

[Event "DVM U20 2019"]
[Site "Braunschweig"]
[Date "2019.12.28"]
[Round "3"]
[White "Gorainow, Nikita"]
[Black "Wu, Leon"]
[Result "1/2-1/2"]
[ECO "C54"]
[WhiteElo "1946"]
[BlackElo "2019"]
[Annotator "NA RC"]
[PlyCount "111"]
[EventDate "2019.12.27"]
[EventType "team-tourn"]
[EventRounds "7"]
[EventCountry "GER"]
[SourceTitle "playchess.com"]
[Source "ChessBase"]
[SourceQuality "1"]
[WhiteTeam "SF Essen-Katernberg"]
[BlackTeam "OSG Baden-Baden"]
[TimeControl "40/5400+30:1800+30"]

1. e4 e5 2. Nf3 Nc6 3. Bc4 Bc5 4. c3 Nf6 5. d3 d6 6. h3 a6 7. Bb3 {[%emt 0:00:05] unterminated} Ba7 8. Nbd2 Ne7 {[%emt 0:00:52] unterminated} 9. Nf1 {[%emt 0:01:34] C54: Giuoco Piano: 4 c3 Nf6, main lines with 5 d4 and 5 d3} Ng6 {[%emt 0:00:35] unterminated} 10. Ng3 {[%emt 0:16:35] unterminated} h6 {[%emt 0:05:23] unterminated} 11. Qe2 {[%emt 0:25:20] unterminated} (11. O-O O-O 12. d4 c5 13. Be3 Qc7 14. Qd2 Kh7 15. Bc2 Be6 16. Rfd1 Rfd8 17. d5 Bd7 18. Nf5 c4 19. Bxh6 Bxf5 20. exf5 gxh6 21. fxg6+ fxg6 {½-½ (21) Vocaturo,D (2606)-Zubov,A (2606) Sitges 2016}) 11... Be6 {[%emt 0:06:06] unterminated} 12. Bd2 $146 {[%emt 0:05:24] unterminated} ({Predecessor:} 12. Nf5 Rg8 13. g4 Qd7 14. g5 hxg5 15. Nxg5 Bxb3 16. axb3 {0-1 (35) Heinechen,J (2012)-Benitez Galeano,A (2121) Asuncion 2018}) 12... b5 {[%emt 0:05:11] unterminated} 13. O-O {[%emt 0:04:13] unterminated} O-O {[%emt 0:01:55] unterminated} 14. Rad1 {[%emt 0:02:19] unterminated} Re8 {unterminated} 15. Nh2 {[%emt 0:06:05] unterminated} d5 {[%emt 0:10:54] unterminated} 16. Bc1 c5 {[%emt 0:00:33] unterminated} 17. Ng4 {[%emt 0:03:56] unterminated} d4 {unterminated} 18. Bxe6 fxe6 {[%emt 0:06:39] unterminated} 19. Nxf6+ {[%emt 0:02:15] unterminated} Qxf6 20. Qg4 {[%emt 0:01:40] unterminated} c4 {[%emt 0:21:15] unterminated} 21. Nh5 Qf7 {[%emt 0:00:15] unterminated} 22. cxd4 {[%emt 0:06:43] unterminated} Bxd4 23. Kh2 {[%emt 0:00:53] unterminated} Rf8 {[%emt 0:01:56] unterminated} 24. f4 exf4 {[%emt 0:00:36] unterminated} 25. Nxf4 {unterminated} Be5 {[%emt 0:02:50] unterminated} 26. g3 {[%emt 0:00:59] unterminated} Nxf4 27. gxf4 Bc7 {[%emt 0:00:16] unterminated} 28. Kg2 {[%emt 0:01:42] unterminated} Kh7 29. dxc4 {[%emt 0:01:16] unterminated} bxc4 {[%emt 0:00:45] unterminated} 30. f5 exf5 {[%emt 0:00:40] unterminated} 31. Rxf5 Qe7 32. Bxh6 Rxf5 33. exf5 gxh6 34. Qg6+ Kh8 35. Qxh6+ Kg8 36. Qg6+ Qg7 37. Qxg7+ Kxg7 38. Rd7+ Kf6 39. Rxc7 Rb8 40. b3 cxb3 41. axb3 Rb6 42. Rc5 Rxb3 43. Rc6+ Kxf5 44. Rxa6 Kf4 45. Rf6+ Kg5 {[%emt 0:00:11] normal} 46. Rf2 $11 Ra3 47. Rb2 Rc3 48. Rb5+ Kf4 49. h4 Rc2+ 50. Kf1 Rc1+ 51. Ke2 Rc2+ 52. Kd3 Rh2 53. h5 Kg4 54. Ke4 Rxh5 55. Rxh5 Kxh5 56. Kf5 {[%emt 0:00:01] normal} 1/2-1/2

[Event "DVM U20 2019"]
[Site "Braunschweig"]
[Date "2019.12.28"]
[Round "3"]
[White "Weisheit, Erik"]
[Black "Doerp, Max Marian"]
[Result "1/2-1/2"]
[ECO "C45"]
[WhiteElo "1944"]
[BlackElo "1767"]
[Annotator "NA"]
[PlyCount "91"]
[EventDate "2019.12.27"]
[EventType "team-tourn"]
[EventRounds "7"]
[EventCountry "GER"]
[SourceTitle "playchess.com"]
[Source "ChessBase"]
[SourceQuality "1"]
[WhiteTeam "SF Augsburg"]
[BlackTeam "Lübecker SV"]
[TimeControl "40/5400+30:1800+30"]

1. e4 e5 2. Nf3 Nc6 3. d4 exd4 4. Nxd4 Nf6 5. Nxc6 bxc6 6. e5 Qe7 7. Qe2 Nd5 8. c4 {[%emt 0:00:17] unterminated} Ba6 {[%emt 0:02:09] unterminated} 9. Nd2 {[%emt 0:00:44] unterminated} g6 {[%emt 0:05:42] unterminated} 10. Qe4 {[%emt 0:00:20] unterminated unterminated. C45: Scotch Game} (10. Nf3 Qb4+ 11. Kd1 Ne7 12. Qc2 c5 13. Bd3 Bg7 14. Re1 O-O 15. Qb3 Nc6 16. Bd2 Qb6 17. Qxb6 axb6 {0-1 (32) Jones,G (2668)-Kramnik,V (2803) Douglas 2017}) 10... Nb4 $2 {[%emt 0:17:35] unterminated} (10... Nb6 $15 {keeps the upper hand.}) 11. Nf3 {[%emt 0:15:10] unterminated} d5 {[%emt 0:04:32] unterminated} 12. cxd5 $146 ({Predecessor:} 12. Qb1 dxc4 13. Bg5 f6 14. Bxf6 {1-0 (14) Busto Campa,J-Muniz Giron,C Gijon 1994}) 12... cxd5 {[%emt 0:01:05] unterminated} 13. Qb1 Bxf1 14. Kxf1 {[%emt 0:00:12] unterminated} Qc5 15. a3 {[%emt 0:01:01] unterminated} Nc2 {[%emt 0:10:08] unterminated} 16. Ra2 {[%emt 0:10:43] unterminated} d4 {[%emt 0:04:25] unterminated} 17. b4 {[%emt 0:04:31] unterminated} Qc4+ 18. Kg1 d3 {[%emt 0:00:33] unterminated} 19. g3 {[%emt 0:01:24] unterminated} Rd8 {[%emt 0:08:38] unterminated} 20. Bg5 {[%emt 0:03:52] unterminated} Rd7 {[%emt 0:02:46] unterminated} 21. Kg2 {[%emt 0:09:29] unterminated} Qd5 {[%emt 0:07:29] unterminated} 22. Rd1 {[%emt 0:07:37] unterminated} Bg7 {[%emt 0:01:42] unterminated} 23. Rb2 {[%emt 0:09:28] unterminated} Bxe5 24. Rb3 {[%emt 0:00:49] unterminated} Qe4 {[%emt 0:03:12] unterminated} 25. Qc1 {[%emt 0:07:16] unterminated} O-O 26. Qd2 {[%emt 0:00:27] unterminated} f6 27. Be3 Rfd8 28. Bxa7 Qd5 29. Rdb1 Ra8 30. Bc5 Nxa3 31. Rxa3 Rxa3 32. Re1 Rd8 33. Rd1 Ra2 34. Qe3 Re2 35. Qh6 Re8 36. Be3 Bc3 37. Qf4 Be5 38. Qg4 Qb3 39. Nxe5 fxe5 40. Qd7 Qf7 {[%emt 0:00:37] unterminated} 41. Qxd3 {[%emt 0:30:07] unterminated} Ra2 {[%emt 0:01:55] unterminated} 42. Rc1 {[%emt 0:00:00] unterminated} Raa8 {[%emt 0:11:04] unterminated} 43. Qc3 Rac8 44. Rd1 {[%emt 0:00:00] unterminated} e4 {[%emt 0:02:14] unterminated} 45. Bf4 {[%emt 0:00:00] unterminated} g5 {[%emt 0:01:18] unterminated} 46. Bxg5 $11 {[%emt 0:00:00] normal} 1/2-1/2

[Event "DVM U20 2019"]
[Site "Braunschweig"]
[Date "2019.12.28"]
[Round "3"]
[White "Tiedemann, Fin Niklas"]
[Black "McPherson, Elisha"]
[Result "1/2-1/2"]
[ECO "B24"]
[WhiteElo "1936"]
[BlackElo "1975"]
[Annotator "NA RC"]
[PlyCount "48"]
[EventDate "2019.12.27"]
[EventType "team-tourn"]
[EventRounds "7"]
[EventCountry "GER"]
[SourceTitle "playchess.com"]
[Source "ChessBase"]
[SourceQuality "1"]
[WhiteTeam "Lübecker SV"]
[BlackTeam "SF Augsburg"]
[TimeControl "40/5400+30:1800+30"]

1. e4 c5 2. Nc3 Nc6 3. g3 g6 4. Bg2 Bg7 5. d3 e6 6. f4 Nge7 {[%emt 0:00:01] unterminated} 7. Nf3 {[%emt 0:03:40] unterminated} d5 {[%emt 0:00:48] unterminated} 8. O-O {[%emt 0:02:02] unterminated} O-O {[%emt 0:05:24] unterminated} 9. Kh1 {[%emt 0:17:11] unterminated} dxe4 10. Nxe4 {[%emt 0:02:33] unterminated} Qc7 {[%emt 0:09:55] unterminated} (10... b6 $15) 11. Nxc5 {[%emt 0:15:05] unterminated} Nb4 12. a3 $1 {[%emt 0:00:06] unterminated} Qxc5 13. axb4 {[%emt 0:00:07] unterminated} Qxb4 {[%emt 0:01:45] unterminated} 14. c3 Qb6 {[%emt 0:02:19] unterminated} 15. Ne5 {[%emt 0:01:40] unterminated} Nc6 {[%emt 0:03:17] unterminated} 16. Qe2 {unterminated} Qc7 {[%emt 0:22:40] unterminated} 17. Nxc6 $11 bxc6 18. Be3 a6 19. Bc5 Re8 20. Qf3 Bb7 21. d4 Bf8 22. Bxf8 Rxf8 23. Qe3 Rfc8 {[%emt 0:02:48] normal} 24. Ra3 {[%emt 0:07:52] normal} c5 {[%emt 0:03:34] normal} 1/2-1/2

[Event "DVM U20 2019"]
[Site "Braunschweig"]
[Date "2019.12.28"]
[Round "3"]
[White "Triantafillidis, Simeon"]
[Black "Biastoch, Bennet"]
[Result "0-1"]
[ECO "B51"]
[WhiteElo "1931"]
[BlackElo "2242"]
[Annotator "RC"]
[PlyCount "48"]
[EventDate "2019.12.27"]
[EventType "team-tourn"]
[EventRounds "7"]
[EventCountry "GER"]
[SourceTitle "playchess.com"]
[Source "ChessBase"]
[SourceQuality "1"]
[WhiteTeam "SF HN-Biberach"]
[BlackTeam "SG Aufbau Elbe Magdeburg"]
[TimeControl "40/5400+30:1800+30"]

1. e4 c5 2. Nf3 d6 3. Bb5+ Nd7 4. O-O a6 5. Bd3 Ngf6 6. c3 b5 7. Bc2 Bb7 8. Qe2 e5 9. d4 Be7 10. Rd1 Qc7 11. Nbd2 cxd4 12. Nb1 Rc8 13. a3 O-O 14. Bg5 h6 15. Bxf6 Nxf6 16. Bd3 d5 17. exd5 Nxd5 18. Bf5 Nf4 19. Qxe5 Bd6 20. Qe1 Rce8 21. Qf1 Bxf3 22. gxf3 Qc5 23. Be4 Qh5 {[%emt 0:01:26] normal} 24. Kh1 Rxe4 {[%emt 0:00:23] normal} 0-1

[Event "DVM U20 2019"]
[Site "Braunschweig"]
[Date "2019.12.28"]
[Round "3"]
[White "Brockmeyer, Tobias"]
[Black "Gabler, Eric"]
[Result "0-1"]
[ECO "E25"]
[WhiteElo "1902"]
[BlackElo "2064"]
[Annotator "NA RC"]
[PlyCount "70"]
[EventDate "2019.12.27"]
[EventType "team-tourn"]
[EventRounds "7"]
[EventCountry "GER"]
[SourceTitle "playchess.com"]
[Source "ChessBase"]
[SourceQuality "1"]
[WhiteTeam "SK Lehrte 1919"]
[BlackTeam "SC Bavaria Regensburg"]
[TimeControl "40/5400+30:1800+30"]

1. d4 Nf6 2. c4 e6 3. Nc3 Bb4 4. f3 d5 5. a3 Bxc3+ 6. bxc3 c5 7. cxd5 exd5 8. e3 O-O 9. Bd3 {[%emt 0:00:03] unterminated} Nc6 {[%emt 0:04:17] unterminated} 10. Ne2 {[%emt 0:00:14] unterminated} Re8 11. O-O {[%emt 0:00:13] unterminated} b6 {[%emt 0:04:41] unterminated} 12. Ng3 {[%emt 0:02:34] unterminated} Bb7 {[%emt 0:01:55] unterminated} 13. Ra2 {[%emt 0:06:51] unterminated unterminated. E49: Nimzo-Indian: Rubinstein: 5 Bd3 d5 6 a3 Bxc3+ 7 bxc3} Ne7 {[%emt 0:13:52] unterminated} (13... Qd7 $11 {remains equal.}) 14. Re2 $146 {[%emt 0:04:01] unterminated} ({Predecessor:} 14. Raf2 Ng6 15. Re1 Rc8 16. Bb2 h5 17. Qb1 h4 18. Nf1 Nf8 19. e4 cxd4 20. cxd4 Nh5 {1-0 (35) Bjelobrk,I (2381)-Antic,D (2480) Cammeray 2008}) 14... Qc8 {[%emt 0:06:06] [#] unterminated} 15. Bb2 {[%emt 0:04:49] unterminated} ({White should play} 15. e4 $1 $16) 15... Ba6 {[%emt 0:01:07] unterminated} 16. e4 {[%emt 0:02:54] unterminated} Nd7 {[%emt 0:02:34] unterminated} 17. e5 {[%emt 0:01:44] unterminated} f5 {[%emt 0:02:19] unterminated} 18. f4 {[%emt 0:14:59] unterminated} Nf8 {[%emt 0:02:40] unterminated} 19. a4 {[%emt 0:17:06] unterminated} Ne6 20. Rf3 g6 21. Qd2 Bxd3 22. Qxd3 Qd7 23. Qd1 Rac8 24. Nf1 cxd4 25. cxd4 Rc4 26. Ne3 Qxa4 27. Qxa4 Rxa4 28. g4 {[%emt 0:00:07] unterminated} Rxd4 {[%emt 0:09:36] unterminated} 29. gxf5 $19 Rxf4 30. Kg2 {[%emt 0:05:06] normal} Nxf5 {[%emt 0:03:38] normal} 31. Nxd5 Rxf3 32. Kxf3 {[%emt 0:00:20] normal} Nfd4+ 33. Kf2 Nxe2 {[%emt 0:01:01] normal} 34. Nf6+ Kf7 {[%emt 0:00:08] normal} 35. Nxe8 Kxe8 {[%emt 0:00:09] normal} 0-1

[Event "DVM U20 2019"]
[Site "Braunschweig"]
[Date "2019.12.28"]
[Round "3"]
[White "Rauch, Sören"]
[Black "Keller, Yannik"]
[Result "0-1"]
[ECO "A46"]
[WhiteElo "1901"]
[BlackElo "2020"]
[Annotator "NA"]
[PlyCount "94"]
[EventDate "2019.12.27"]
[EventType "team-tourn"]
[EventRounds "7"]
[EventCountry "GER"]
[SourceTitle "playchess.com"]
[Source "ChessBase"]
[SourceQuality "1"]
[WhiteTeam "SG Trier"]
[BlackTeam "Sges Bensheim"]
[TimeControl "40/5400+30:1800+30"]

1. d4 Nf6 2. Nf3 d6 3. Bf4 {[%emt 0:00:01] unterminated} Nbd7 4. e3 Nh5 {[%emt 0:00:13] unterminated} 5. Bg3 (5. Nc3 Nxf4 6. exf4 g6 7. h4 Nf6 8. Bd3 Bg4 9. Qe2 c6 10. O-O-O Bh6 11. Qe3 Qa5 12. Rde1 {0-1 (21) Edouard,R (2627)-Fressinet,L (2712) Calvi 2015}) 5... Nxg3 6. hxg3 {[%emt 0:00:07] unterminated A46: 1 d4 Nf6 2 Nf3 e6: Torre, London and Colle Systems} g6 {[%emt 0:04:19] unterminated} 7. Bc4 {[%emt 0:03:14] unterminated} e6 {[%emt 0:04:03] unterminated} 8. c3 {[%emt 0:02:08] unterminated} Bg7 9. Nbd2 {[%emt 0:00:35] unterminated} a6 {[%emt 0:06:00] unterminated} 10. a4 $146 ({Predecessor:} 10. Qc2 Qe7 11. Bd3 b6 12. a4 {0-1 (35) Gueldner,U (1687)-Maier,A (2280) Erlangen 2003}) 10... b6 {[%emt 0:00:22] unterminated} 11. Qc2 {[%emt 0:07:15] unterminated} Bb7 {[%emt 0:02:25] unterminated} 12. O-O {[%emt 0:02:32] unterminated} O-O {[%emt 0:01:40] unterminated} 13. Rfe1 {[%emt 0:02:28] unterminated} Qe7 {[%emt 0:05:41] unterminated} 14. Bf1 {[%emt 0:07:18] unterminated} e5 15. dxe5 dxe5 16. Rad1 e4 17. Nd4 c5 18. N4b3 Rfd8 19. Nc4 Bc6 20. Nbd2 Rab8 21. Na3 b5 22. axb5 axb5 23. c4 b4 24. Nb5 f5 25. Nb3 Ne5 26. Na5 Be8 27. Rxd8 Rxd8 28. Rd1 h5 29. Rd5 Bxb5 30. Rxe5 Qxe5 31. cxb5 Qxb2 32. Qxc5 {[%emt 0:00:16] unterminated} Kh7 {[%emt 0:04:49] unterminated} 33. b6 {[%emt 0:00:55] unterminated} Qc3 {[%emt 0:00:58] unterminated} 34. Qb5 {[%emt 0:02:49] unterminated} Qe5 {[%emt 0:05:26] unterminated} 35. Qxb4 Qd6 36. Qb5 Rb8 37. b7 Qc7 38. Bc4 Bc3 39. Nc6 Rxb7 40. Qd5 {[%emt 0:00:07] unterminated} Qg7 {[%emt 0:03:50] unterminated} 41. Qe6 {[%emt 0:30:57] unterminated} Rb1+ 42. Kh2 $2 {[%emt 0:00:00] unterminated} (42. Bf1 {only move.}) 42... Be1 {[%emt 0:01:35] unterminated} 43. f3 {[%emt 0:00:00] unterminated} exf3 $2 (43... Bf2 44. Qf7 Qxf7 45. Bxf7 Bg1+ 46. Kh3 Bxe3) 44. gxf3 {[%emt 0:00:00] unterminated} (44. Ne5 $19 fxg2 45. Kxg2) 44... h4 $19 (44... Qb2+ $142 45. Kh3 Bc3 46. Qf7+ Kh6 47. Qxg6+ Kxg6 48. Ne7+ Kg7 49. Nxf5+ Kf6 50. Be2 Qxe2 51. g4 Qxf3+ {[%mdl 64] Double Attack} 52. Ng3 Rh1#) 45. gxh4 Bxh4 46. Ne5 Bg5 47. Nf7 Qb2+ {[%emt 0:00:12] normal} 0-1

[Event "DVM U20 2019"]
[Site "Braunschweig"]
[Date "2019.12.28"]
[Round "3"]
[White "Jurga, Jonas Vincent"]
[Black "Gallas, Noel"]
[Result "1/2-1/2"]
[ECO "A04"]
[WhiteElo "1896"]
[BlackElo "1785"]
[Annotator "NA RC"]
[PlyCount "60"]
[EventDate "2019.12.27"]
[EventType "team-tourn"]
[EventRounds "7"]
[EventCountry "GER"]
[SourceTitle "playchess.com"]
[Source "ChessBase"]
[SourceQuality "1"]
[WhiteTeam "OSG Baden-Baden"]
[BlackTeam "SF Essen-Katernberg"]
[TimeControl "40/5400+30:1800+30"]

1. Nf3 e6 2. g3 d5 3. Bg2 Nf6 4. O-O Be7 5. d3 {[%emt 0:00:09] unterminated} O-O 6. Qe1 {[%emt 0:00:08] unterminated} c5 7. e4 {[%emt 0:00:07] unterminated} Nc6 8. e5 {[%emt 0:00:09] unterminated} Nd7 {[%emt 0:03:05] unterminated} 9. c4 {[%emt 0:00:08] unterminated} Nb4 {[%emt 0:18:55] unterminated} 10. Qe2 {[%emt 0:00:53] unterminated} b6 {[%emt 0:04:43] unterminated} 11. Nc3 {[%emt 0:03:10] unterminated} Bb7 {[%emt 0:16:36] unterminated} 12. a3 {[%emt 0:01:55] unterminated} Na6 {unterminated} 13. h4 $11 (13. cxd5 $16 exd5 14. e6) 13... Nc7 14. Bf4 Re8 15. Rfe1 f6 16. exf6 Bxf6 17. Bxc7 Qxc7 18. cxd5 Bxc3 19. bxc3 Bxd5 20. Ng5 Bxg2 21. Kxg2 Qc6+ 22. Kg1 h6 23. Ne4 Rad8 24. f4 Qd5 25. Rad1 Nf8 26. Qg4 Qf5 {[%emt 0:00:56] normal} 27. Nf2 {[%emt 0:08:57] normal} Qf6 {[%emt 0:03:44] normal} 28. Ne4 Qf5 {[%emt 0:00:00] normal} 29. Nf2 Qf6 {normal} 30. Ne4 Qf5 {[%emt 0:00:06] normal} 1/2-1/2

[Event "DVM U20 2019"]
[Site "Braunschweig"]
[Date "2019.12.28"]
[Round "3"]
[White "Freiherr von Hauff, Christopher"]
[Black "Brunner, Wilken"]
[Result "1-0"]
[ECO "C58"]
[WhiteElo "1868"]
[BlackElo "1978"]
[Annotator "NA RC"]
[PlyCount "75"]
[EventDate "2019.12.27"]
[EventType "team-tourn"]
[EventRounds "7"]
[EventCountry "GER"]
[SourceTitle "playchess.com"]
[Source "ChessBase"]
[SourceQuality "1"]
[WhiteTeam "SK Bebenhausen"]
[BlackTeam "Karlsruher SF"]
[TimeControl "40/5400+30:1800+30"]

1. e4 e5 2. Nf3 Nc6 3. Bc4 Nf6 4. Ng5 d5 5. exd5 Na5 6. d3 {[%emt 0:00:25] unterminated} Nxc4 7. dxc4 h6 {[%emt 0:00:03] unterminated} 8. Nf3 {[%emt 0:01:46] unterminated} Bd6 {[%emt 0:01:48] unterminated} 9. Nc3 {[%emt 0:16:28] unterminated} e4 {[%emt 0:01:54] unterminated} 10. Qe2 (10. Nd4 $16) 10... O-O $1 {[%emt 0:00:30] unterminated} 11. Nd4 {[%emt 0:01:30] unterminated} c5 {[%emt 0:06:44] unterminated} 12. Nb3 {[%emt 0:03:39] unterminated} Bg4 {[%emt 0:09:12] unterminated} 13. Qf1 {[%emt 0:00:46] unterminated} Qe7 14. Be3 {[%emt 0:01:22] unterminated} Rac8 15. h3 {[%emt 0:00:45] unterminated} Bd7 $14 16. O-O-O Nh5 17. g4 Nf4 18. Ne2 Qf6 19. Ng3 Rfe8 20. Nd2 Qg6 21. Kb1 a6 22. Re1 f5 23. gxf5 Bxf5 24. Nxf5 Qxf5 25. Nb3 Qf6 26. Rg1 Rc7 27. Bd2 Qf5 28. Bxf4 Bxf4 29. Qg2 Qe5 30. Nxc5 Qd4 31. Ne6 Rxe6 32. dxe6 Be5 33. c3 Qd3+ 34. Ka1 Bxc3 35. Rd1 Bxb2+ 36. Kxb2 Qxc4 37. Rd8+ Kh7 38. Qg6# {[%emt 0:00:05] normal} 1-0

[Event "DVM U20 2019"]
[Site "Braunschweig"]
[Date "2019.12.28"]
[Round "3"]
[White "Schamschurko, Andre"]
[Black "Verfuerth, Kevin"]
[Result "0-1"]
[ECO "B23"]
[WhiteElo "1868"]
[BlackElo "2038"]
[Annotator "NA"]
[PlyCount "111"]
[EventDate "2019.12.27"]
[EventType "team-tourn"]
[EventRounds "7"]
[EventCountry "GER"]
[SourceTitle "playchess.com"]
[Source "ChessBase"]
[SourceQuality "1"]
[WhiteTeam "USV TU Dresden"]
[BlackTeam "SK Turm Kleve"]
[TimeControl "40/5400+30:1800+30"]

1. e4 c5 2. Nc3 g6 3. f4 Bg7 4. Nf3 Nc6 {[%emt 0:00:04] unterminated} 5. Bb5 Nd4 6. d3 {[%emt 0:00:39] unterminated} Nxb5 7. Nxb5 {[%emt 0:00:07] unterminated} d6 {[%emt 0:10:03] unterminated} 8. O-O {[%emt 0:01:55] unterminated} a6 {[%emt 0:04:00] unterminated} 9. Nc3 b5 {[%emt 0:00:17] unterminated B23: Closed Sicilian: Lines without g3} 10. Qe1 {[%emt 0:02:44] unterminated} b4 (10... Bb7 11. a3 Nf6 12. Qh4 Nd7 13. f5 gxf5 14. Qh5 Nf6 15. Qxf5 Rg8 16. Qf4 Qd7 17. h3 {½-½ (47) Pirs,M (2534)-Magalhaes,L (2537) ICCF email 2014}) 11. Ne2 {[%emt 0:01:30] unterminated} Nf6 12. Kh1 $146 ({Predecessor:} 12. Qh4 c4 13. f5 cxd3 14. cxd3 e6 15. Bh6 O-O 16. Ng5 exf5 17. exf5 {1-0 (27) Sarkoezy,B (2110)-Knickel,A (2148) Hessen 2018}) 12... Bg4 13. Neg1 O-O 14. Qh4 Qc8 15. h3 Bd7 16. Ne2 c4 17. e5 cxd3 18. cxd3 Nd5 19. Ned4 Bb5 20. Nxb5 axb5 21. d4 Rxa2 22. Rxa2 Qc4 23. Re1 Qxa2 24. f5 Qb1 25. Bg5 Qxf5 26. Bxe7 Nxe7 27. Qxe7 dxe5 28. Nxe5 Bxe5 29. dxe5 b3 30. Qf6 Qd7 31. Qd6 Rd8 32. Qxd7 Rxd7 33. Re3 Re7 34. Kg1 Re6 35. Kf2 f6 36. exf6 Rxe3 37. Kxe3 Kf7 38. Kd4 Kxf6 39. Kc5 Kf5 40. Kxb5 Kf4 41. Kc4 Kg3 42. Kxb3 Kxg2 43. Kc3 Kxh3 44. b4 g5 45. b5 g4 46. b6 g3 47. b7 g2 48. b8=Q g1=Q {[%emt 0:00:10] unterminated} 49. Qc8+ {[%emt 0:02:07] unterminated} Qg4 50. Qb7 {[%emt 0:00:23] unterminated} Qg3+ {[%emt 0:01:02] unterminated} 51. Kd4 {[%emt 0:01:09] unterminated} h5 {[%emt 0:06:57] unterminated} 52. Qh1+ {[%emt 0:02:04] unterminated} Kg4 $19 53. Qd1+ Kg5 54. Qa1 h4 55. Ke4 Qf4+ 56. Kd3 {[%emt 0:00:00] normal} 0-1